 Dungeon Crawl Stone Soup version 0.13.0-25-g43d4df3 (webtiles) character file.

696 Malachi the Sneak (level 6, -3/41 HPs)
             Began as a Vampire Enchanter on Oct 27, 2013.
             Slain by Duvessa
             ... wielding a +2,+0 elven short sword
              (13 damage)
             ... on Level 4 of the Dungeon.
             The game lasted 00:14:04 (6903 turns).

Malachi the Sneak (Vampire Enchanter)               Turns: 6903, Time: 00:14:05

HP  -3/41        AC  0     Str  2      XL: 6   Next: 95%
MP   0/10        EV 20     Int 19      God:
Gold 194         SH  0     Dex 19      Spells:  3 memorised,  1 level left

Res.Fire  : . . .   See Invis. : +   a - melded +1 dagger {=f}
Res.Cold  : + . .   Warding    : .   b - melded +1 robe
Life Prot.: + + .   Conserve   : .   (shield currently unavailable)
Res.Poison: +       Res.Corr.  : .   l - melded +0 helmet
Res.Elec. : .       Clarity    : .   (cloak currently unavailable)
Sust.Abil.: . .     Spirit.Shd : .   (gloves currently unavailable)
Res.Mut.  : .       Stasis     : .   (boots currently unavailable)
Res.Rott. : +       Flight     : +   (no amulet)
Saprovore : . . .                    (ring currently unavailable)
                                     g - melded ring of protection from magic

@: bat-form, regenerating slowly, flying, very quick, slightly resistant to
hostile enchantments, very stealthy
A: bottle blood, (fangs 0), see invisible, (unbreathing)
a: Bottle Blood, End Transformation


You were on level 4 of the Dungeon.
You were very thirsty.
You were in vampire bat-form.
You visited 1 branch of the dungeon, and saw 4 of its levels.

You collected 174 gold pieces.

Inventory:

Hand weapons
 a - a +1,+1 dagger (melded) {=f}
 t - a +2,+0 elven dagger
Missiles
 d - 12 darts (quivered)
 o - 6 poisoned darts
 u - 13 darts of frost
Armour
 b - a +1 robe (melded)
 l - a +0 helmet (melded)
Scrolls
 e - 2 scrolls of noise {unknown}
 f - 2 scrolls of remove curse {unknown}
 k - 3 scrolls of teleportation
 p - a scroll of enchant weapon I {unknown}
 q - a scroll of fear {unknown}
 v - 2 scrolls of identify
Jewellery
 g - a ring of protection from magic (melded)
Potions
 h - a potion of agility {unknown}
 i - 6 potions of heal wounds {unknown}
 j - a potion of poison {unknown}
 m - a potion of invisibility {unknown}
 n - a potion of brilliance {unknown}
 r - a potion of flight {unknown}
 s - a potion of paralysis {unknown}
Books
 c - a book of Maledictions

   Spells                             Type                      Level
   *Corona                            Hexes                        1
   Sure Blade                         Hexes/Charms                 2
   *Ensorcelled Hibernation           Hexes/Ice                    2
   *Confuse                           Hexes                        3
   Enslavement                        Hexes                        4
   Invisibility                       Hexes                        6


   Skills:
 - Level 0.1 Fighting
 * Level 5.0 Short Blades
 - Level 0.7 Throwing
 - Level 2.1 Dodging
 + Level 6.4 Stealth
 - Level 1.0 Spellcasting
 - Level 6.0 Hexes
 - Level 3.0 Ice Magic


You had one spell level left.
You knew the following spells:

 Your Spells              Type           Power        Failure   Level  Hunger
a - Corona                Hex            ###....      6%          1    ##.....
b - Ensorcelled Hibernat  Hex/Ice        ###...       17%         2    ###....
c - Confuse               Hex            ###.....     17%         3    ####...


Dungeon Overview and Level Annotations

Branches:
Dungeon (4/27)
 Temple: D:4-7

Altars:

Shops:
D:4 /

Annotations:
D:4 Duvessa, Edmund


Innate Abilities, Weirdness & Mutations

You heal slowly.
You can bottle blood from corpses.
((You have razor-sharp teeth.))*
You have supernaturally acute eyesight.
((You can survive without breathing.))*


Message History

You can't see any susceptible monsters within range! (Use Z to cast anyway.) Unknown command.
Casting: Confuse
Confirm with . or Enter, or press ? or * to list all spells.
Aiming: Confuse
Press: ? - help, Shift-Dir - straight line, f/p - Duvessa
Aim: Duvessa, wielding an elven short sword and wearing an elven ring mail (berserk) Duvessa resists with some effort.
Duvessa hits you with an elven short sword!
Duvessa hits you with an elven short sword.
Duvessa hits you but does no damage.
Duvessa hits you with an elven short sword!
* * * LOW HITPOINT WARNING * * *
Use which ability? (? or * to list)
You turn into a vampire bat.
Your +1,+1 dagger {=f} melds into your body.
Your +0 helmet melds into your body.
Your +1 robe melds into your body.
Your ring of protection from magic melds into your body.
Duvessa hits you with an elven short sword!
You die...

#.# #.# #.# #.# #.# #.#
#.#
#.#####################
#....eb................
#######################


You could see Duvessa (berserk).

Vanquished Creatures
  A giant frog (D:3)
  Dowan (D:4)
  A crimson imp (D:4)
  2 hounds
  An orc wizard (D:3)
  A hound skeleton (D:4)
  4 adders
  2 worms (D:3)
  2 giant geckos
  2 oozes (D:2)
  3 orcs
  9 bats
  4 giant cockroaches
  12 hobgoblins
  8 jackals
  9 kobolds
  2 quokkas (D:3)
  2 ball pythons
  4 giant newts
  A giant spore (D:4)
  13 goblins
  8 rats
  3 ballistomycetes (D:4)
95 creatures vanquished.

Notes
Turn   | Place    | Note
--------------------------------------------------------------
     0 | D:1      | Malachi, the Vampire Enchanter, began the quest for the Orb.
     0 | D:1      | Reached XP level 1. HP: 13/13 MP: 4/4
   243 | D:1      | Reached XP level 2. HP: 19/19 MP: 3/5
   247 | D:1      | Learned a level 2 spell: Ensorcelled Hibernation
   252 | D:1      | Reached skill level 5 in Hexes
  1969 | D:2      | Reached XP level 3. HP: 21/24 MP: 1/6
  2744 | D:2      | Reached skill level 1 in Ice Magic
  2840 | D:2      | Reached skill level 6 in Hexes
  3239 | D:2      | Reached XP level 4. HP: 30/30 MP: 8/8
  3703 | D:3      | Noticed a giant frog
  3717 | D:3      | Killed a giant frog
  3717 | D:3      | Reached XP level 5. HP: 25/35 MP: 0/9
  5246 | D:3      | Learned a level 3 spell: Confuse
  5304 | D:3      | Reached XP level 6. HP: 18/41 MP: 0/10
  5532 | D:4      | Found Phatsott's Magical Wand Shop.
  5574 | D:4      | Noticed Dowan
  5589 | D:4      | Killed Dowan
  5629 | D:4      | Reached skill level 5 in Stealth
  5655 | D:4      | Noticed Edmund
  6544 | D:4      | Reached skill level 5 in Short Blades
  6890 | D:4      | Noticed Duvessa
  6903 | D:4      | Slain by Duvessa

Action                   |  1- 3 |  4- 6 || total
-------------------------+-------+-------++-------
Melee: Dagger            |   126 |   144 ||   270
 Cast: Corona            |    20 |     6 ||    26
       Ensorcelled Hiber |    28 |    31 ||    59
       Confuse           |       |     4 ||     4
 Abil: Bat Form          |       |     1 ||     1
  Use: Scroll            |     3 |       ||     3
 Stab: Sleeping          |    23 |    24 ||    47
       Distracted        |       |     1 ||     1
